[ AOE2 MATCH · #513757393 ]
UnrankedChinese vs Romans
Player's team · WIN
Rival team · LOSS
[ REPLAY ANALYSIS · EXTRACTED FROM THE RECORDED GAME ]
Feudal
9:56
Castle
30:12
Imperial
—
| APM avg | 40.3 |
| APM peak | 68 |
| eAPM avg | 18.8 |
| Villagers / military | 52 / 23 |
Focus
⚔️ 21.8% · 🌾 78.2%
Scout Cavalry ×15 · Iron Pagoda ×4 · Archer ×3 · Knight ×1
Feudal
19:58
Castle
23:27
Imperial
—
| APM avg | 54.1 |
| APM peak | 194 |
| eAPM avg | 28.5 |
| Villagers / military | 33 / 23 |
Focus
⚔️ 38.7% · 🌾 61.3%
Scorpion ×18 · Battering Ram ×4 · Mangonel ×1
Match map
Initial resources + every placement click. Lines = walls · curves = elevation contours. ◆ gold · ⬟ stone · ● berries · ✦ relic · ◌ wall gap
Your base· Open — unwalled flank
✟ L¥N V ✟'s base· Open — unwalled flank
Smoothed initial terrain · ◌ = detected wall gap · hover for details
Inputs per minute
— DaiFeiLo - - ✟ L¥N V ✟
Build order — DaiFeiLo
First 150 of 166 actions detected
| 0:02 | Build | House |
| 0:04 | Build | House |
| 0:15 | Research | Loom |
| 1:01 | Queue | Villager (Male) |
| 1:27 | Queue | Villager (Male) |
| 1:27 | Queue | Villager (Male) |
| 1:54 | Queue | Villager (Male) |
| 2:26 | Queue | Villager (Male) |
| 2:55 | Queue | Villager (Male) |
| 2:55 | Queue | Villager (Male) |
| 2:56 | Queue | Villager (Male) |
| 3:52 | Queue | Villager (Male) |
| 4:05 | Build | Lumber Camp |
| 4:06 | Queue | Villager (Male) |
| 4:06 | Queue | Villager (Male) |
| 4:16 | Queue | Villager (Male) |
| 4:17 | Queue | Villager (Male) |
| 4:22 | Queue | Villager (Male) |
| 4:23 | Queue | Villager (Male) |
| 4:23 | Queue | Villager (Male) |
| 4:43 | Queue | Villager (Male) |
| 4:43 | Queue | Villager (Male) |
| 5:52 | Queue | Villager (Male) |
| 6:50 | Queue | Villager (Male) |
| 7:11 | Build | Barracks |
| 7:21 | Queue | Villager (Male) |
| 7:44 | Research | Feudal Age |
| 7:44 | Research | Feudal Age |
| 8:17 | Build | Mill |
| 9:56 | Age | Feudal Age |
| 10:02 | Queue | Villager (Male) |
| 10:02 | Queue | Villager (Male) |
| 10:19 | Build | Lumber Camp |
| 10:22 | Queue | Villager (Male) |
| 10:23 | Queue | Villager (Male) |
| 10:23 | Queue | Villager (Male) |
| 11:14 | Build | House |
| 12:01 | Build | Farm |
| 12:01 | Build | Farm |
| 12:02 | Build | Farm |
| 14:16 | Build | Farm |
| 14:16 | Build | Farm |
| 15:22 | Build | Town Center |
| 16:17 | Queue | Villager (Male) |
| 16:18 | Queue | Villager (Male) |
| 16:18 | Queue | Villager (Male) |
| 16:18 | Queue | Villager (Male) |
| 16:54 | Queue | Villager (Male) |
| 16:54 | Queue | Villager (Male) |
| 16:59 | Build | House |
| 17:00 | Build | House |
| 17:14 | Queue | Villager (Male) |
| 17:15 | Queue | Villager (Male) |
| 17:55 | Queue | Villager (Male) |
| 18:03 | Build | Barracks |
| 18:31 | Build | Stable |
| 18:34 | Queue | Villager (Male) |
| 18:35 | Queue | Villager (Male) |
| 19:00 | Build | Lumber Camp |
| 19:19 | Build | Farm |
| 19:20 | Build | Farm |
| 19:20 | Build | Farm |
| 19:28 | Research | Bloodlines |
| 19:28 | Queue | Scout Cavalry |
| 19:29 | Queue | Scout Cavalry |
| 19:51 | Queue | Villager (Male) |
| 19:51 | Queue | Villager (Male) |
| 20:04 | Build | Farm |
| 20:15 | Build | Farm |
| 20:21 | Build | Farm |
| 20:22 | Build | Farm |
| 20:22 | Build | Farm |
| 20:37 | Research | Double-Bit Axe |
| 20:37 | Research | Double-Bit Axe |
| 20:58 | Build | Farm |
| 20:58 | Build | Farm |
| 20:59 | Build | Farm |
| 20:59 | Build | Farm |
| 21:15 | Queue | Scout Cavalry |
| 21:28 | Build | Blacksmith |
| 21:41 | Queue | Villager (Male) |
| 21:47 | Build | Mill |
| 21:48 | Build | Farm |
| 21:48 | Build | Farm |
| 21:49 | Build | Farm |
| 22:11 | Queue | Villager (Male) |
| 22:15 | Build | Farm |
| 22:16 | Build | Farm |
| 22:16 | Build | Farm |
| 22:28 | Queue | Villager (Male) |
| 22:31 | Build | House |
| 22:32 | Build | House |
| 23:06 | Queue | Villager (Male) |
| 23:10 | Build | Farm |
| 23:13 | Build | Farm |
| 23:13 | Build | Farm |
| 23:13 | Build | Farm |
| 23:13 | Build | Farm |
| 23:16 | Queue | Villager (Male) |
| 23:24 | Queue | Scout Cavalry |
| 23:31 | Build | Farm |
| 23:32 | Build | Farm |
| 23:32 | Build | Farm |
| 23:34 | Queue | Villager (Male) |
| 23:35 | Queue | Villager (Male) |
| 23:48 | Queue | Scout Cavalry |
| 24:15 | Build | Archery Range |
| 24:20 | Research | Forging |
| 24:44 | Queue | Scout Cavalry |
| 24:49 | Build | Farm |
| 25:02 | Research | Wheelbarrow |
| 25:14 | Queue | Villager (Male) |
| 25:17 | Build | Mill |
| 25:18 | Build | Farm |
| 25:18 | Build | Farm |
| 25:18 | Build | Farm |
| 25:19 | Build | Farm |
| 25:53 | Queue | Villager (Male) |
| 26:06 | Queue | Archer |
| 26:06 | Queue | Archer |
| 26:26 | Queue | Villager (Male) |
| 26:31 | Build | Farm |
| 26:32 | Build | Farm |
| 26:40 | Queue | Archer |
| 27:21 | Research | Castle Age |
| 27:22 | Research | Castle Age |
| 27:27 | Build | Stable |
| 27:34 | Research | Fletching |
| 27:35 | Research | Fletching |
| 27:51 | Build | Mining Camp |
| 28:23 | Queue | Scout Cavalry |
| 28:23 | Queue | Scout Cavalry |
| 28:38 | Build | Lumber Camp |
| 28:58 | Research | Padded Archer Armor |
| 28:58 | Research | Scale Barding Armor |
| 28:59 | Research | Scale Mail Armor |
| 29:08 | Build | Farm |
| 29:11 | Queue | Scout Cavalry |
| 29:11 | Queue | Scout Cavalry |
| 29:35 | Queue | Scout Cavalry |
| 29:35 | Queue | Scout Cavalry |
| 29:35 | Queue | Scout Cavalry |
| 29:40 | Build | Stable |
| 30:03 | Queue | Scout Cavalry |
| 30:03 | Queue | Scout Cavalry |
| 30:12 | Age | Castle Age |
| 30:26 | Research | Light Cavalry (upgrade) |
| 30:26 | Research | Light Cavalry (upgrade) |
| 30:29 | Queue | Villager (Male) |
| 30:51 | Build | Town Center |
Build order — ✟ L¥N V ✟
100 actions detected in the replay
| 0:01 | Queue | Villager (Male) |
| 0:02 | Build | House |
| 0:04 | Build | House |
| 0:18 | Queue | Villager (Male) |
| 0:18 | Queue | Villager (Male) |
| 0:27 | Queue | Villager (Male) |
| 1:53 | Queue | Villager (Male) |
| 1:54 | Queue | Villager (Male) |
| 2:34 | Build | Lumber Camp |
| 2:45 | Queue | Villager (Male) |
| 2:45 | Queue | Villager (Male) |
| 3:02 | Queue | Villager (Male) |
| 3:02 | Queue | Villager (Male) |
| 3:28 | Queue | Villager (Male) |
| 3:40 | Build | House |
| 4:04 | Queue | Villager (Male) |
| 4:29 | Queue | Villager (Male) |
| 4:32 | Build | House |
| 4:33 | Build | House |
| 4:55 | Queue | Villager (Male) |
| 5:10 | Queue | Villager (Male) |
| 5:11 | Queue | Villager (Male) |
| 6:36 | Queue | Villager (Male) |
| 6:37 | Research | Loom |
| 7:26 | Queue | Villager (Male) |
| 7:59 | Queue | Villager (Male) |
| 9:02 | Build | Town Center |
| 9:55 | Queue | Villager (Male) |
| 9:56 | Queue | Villager (Male) |
| 10:27 | Build | Mill |
| 10:34 | Build | Mill |
| 11:09 | Build | Farm |
| 11:37 | Build | Farm |
| 12:57 | Queue | Villager (Male) |
| 13:42 | Queue | Villager (Male) |
| 13:43 | Queue | Villager (Male) |
| 13:43 | Queue | Villager (Male) |
| 13:56 | Build | Palisade Gate |
| 14:43 | Queue | Villager (Male) |
| 14:43 | Queue | Villager (Male) |
| 14:43 | Queue | Villager (Male) |
| 14:57 | Queue | Villager (Male) |
| 15:22 | Queue | Villager (Male) |
| 16:17 | Build | Farm |
| 16:17 | Build | Farm |
| 16:18 | Build | Farm |
| 16:19 | Build | Farm |
| 16:20 | Build | Farm |
| 16:21 | Build | Farm |
| 16:22 | Build | Farm |
| 16:22 | Build | Farm |
| 16:23 | Build | Farm |
| 16:37 | Queue | Villager (Male) |
| 17:48 | Research | Feudal Age |
| 17:48 | Research | Feudal Age |
| 19:58 | Age | Feudal Age |
| 20:04 | Build | Market |
| 20:09 | Build | Blacksmith |
| 20:34 | Build | Barracks |
| 20:48 | Research | Castle Age |
| 22:38 | Build | Palisade Wall |
| 22:42 | Build | Palisade Wall |
| 23:27 | Age | Castle Age |
| 23:36 | Build | Town Center |
| 24:04 | Build | Town Center |
| 25:23 | Build | Siege Workshop |
| 26:36 | Build | Siege Workshop |
| 27:08 | Queue | Scorpion |
| 27:09 | Queue | Scorpion |
| 27:09 | Queue | Scorpion |
| 27:10 | Queue | Scorpion |
| 27:15 | Queue | Scorpion |
| 28:53 | Queue | Scorpion |
| 28:53 | Queue | Scorpion |
| 29:35 | Queue | Scorpion |
| 30:38 | Build | Siege Workshop |
| 31:10 | Queue | Scorpion |
| 31:10 | Queue | Scorpion |
| 31:10 | Queue | Scorpion |
| 31:10 | Queue | Scorpion |
| 31:14 | Build | House |
| 31:18 | Build | House |
| 31:43 | Build | House |
| 32:10 | Queue | Battering Ram |
| 32:10 | Queue | Battering Ram |
| 33:13 | Queue | Battering Ram |
| 33:13 | Queue | Scorpion |
| 35:13 | Queue | Scorpion |
| 35:13 | Queue | Scorpion |
| 35:13 | Queue | Scorpion |
| 35:13 | Queue | Scorpion |
| 37:03 | Build | Castle |
| 38:09 | Queue | Scorpion |
| 38:39 | Queue | Battering Ram |
| 38:41 | Queue | Mangonel |
| 38:52 | Queue | Villager (Male) |
| 38:52 | Queue | Villager (Male) |
| 40:00 | Build | Barracks |
| 40:02 | Build | Palisade Wall |
| 40:03 | Build | Palisade Wall |
Match timeline
| 7:11 | DaiFeiLo · first_building Barracks |
| 9:56 | DaiFeiLo · age_up feudal |
| 18:31 | DaiFeiLo · first_building Stable |
| 19:58 | ✟ L¥N V ✟ · age_up feudal |
| 20:34 | ✟ L¥N V ✟ · first_building Barracks |
| 20:42 | ✟ L¥N V ✟ · first_market_sell 100 stone |
| 22:38 | ✟ L¥N V ✟ · wall_segment Palisade Wall x5 |
| 22:42 | ✟ L¥N V ✟ · wall_segment Palisade Wall x4 |
| 23:20 | ✟ L¥N V ✟ · first_market_buy 100 stone |
| 23:27 | ✟ L¥N V ✟ · age_up castle |
| 24:15 | DaiFeiLo · first_building Archery Range |
| 25:23 | ✟ L¥N V ✟ · first_building Siege Workshop |
| 30:12 | DaiFeiLo · age_up castle |
| 31:38 | DaiFeiLo · first_building Siege Workshop |
| 37:03 | ✟ L¥N V ✟ · first_building Castle |
| 38:41 | DaiFeiLo · first_building Castle |
| 40:02 | ✟ L¥N V ✟ · wall_segment Palisade Wall x2 |
| 40:03 | ✟ L¥N V ✟ · wall_segment Palisade Wall x1 |
| 40:27 | ✟ L¥N V ✟ · resign |
[ AI ANALYSIS · 1 CREDIT ]
What really happened in this match?
Wolo.gg analyzes every decision: build order, eco, micro, common mistakes by bracket. Personalized analysis on WhatsApp or Discord in 30 seconds.
Civ guide
Chinese
Perfil
Jugador #2909267